 Dungeon Crawl Stone Soup version 0.27-a0-1519-gc8121b2 (webtiles) character file.

Game seed: 8111563526302017157

252 Illumine the Conjurer (level 5, -2/29 HPs)
             Began as a Deep Elf Conjurer on July 9, 2021.
             Slain by an ogre (19 damage)
             ... on level 5 of the Dungeon.
             The game lasted 00:05:47 (3593 turns).

Illumine the Conjurer (Deep Elf Conjurer)           Turns: 3593, Time: 00:05:47

Health: -2/29      AC:  3    Str:  4    XL:     5   Next: 89%
Magic:  9/14       EV: 13    Int: 24    God:
Gold:   90         SH:  0    Dex: 13    Spells: 4/14 levels left

rFire    . . .     SeeInvis .   r - +5 whip
rCold    . . .     Faith    .   (no shield)
rNeg     . . .     Spirit   .   a - +0 robe
rPois    +         Reflect  .   (no helmet)
rElec    .         Harm     .   o - +0 cloak
rCorr    .         Rampage  .   (no gloves)
Will     .....                  (no boots)
Stlth    ++........             (no amulet)
HPRegen  0.09/turn              q - ring of poison resistance
MPRegen  0.14/turn              (no ring)

@: no status effects
A: no striking features
a: no special abilities


You were on level 5 of the Dungeon.
You visited 1 branch of the dungeon, and saw 5 of its levels.

You collected 90 gold pieces.

Inventory:

Hand Weapons
 m - a +0 quarterstaff
 p - a +0 long sword
 r - a +5 whip (weapon)
Missiles
 c - 61 stones
 h - 2 throwing nets
Armour
 a - a +0 robe (worn)
 n - a +0 kite shield
 o - a +0 cloak (worn)
Jewellery
 q - a ring of poison resistance (left hand)
Scrolls
 b - a scroll of torment {unknown}
 d - 2 scrolls of teleportation
 e - a scroll of enchant armour {unknown}
 f - 2 scrolls of acquirement {unknown}
 g - a scroll of identify {unknown}
 k - a scroll of vulnerability {unknown}
Potions
 i - 4 potions of heal wounds {unknown}
 j - a potion of haste {unknown}
 l - a potion of curing {unknown}


   Skills:
 + Level 1.1 Fighting
 + Level 3.5 Dodging
 - Level 2.4 Stealth
 * Level 5.3 Spellcasting
 * Level 5.7 Conjurations
 + Level 1.6 Hexes
 + Level 1.2 Translocations


You had 4 spell levels left.
You knew the following spells:

 Your Spells              Type           Power      Damage    Failure   Level
a - Magic Dart            Conj           100%       1d8       1%          1
b - Searing Ray           Conj           66%        3d5       1%          2
c - Dazzling Flash        Conj/Hex       48%        N/A       5%          3
d - Iskenderun's Mystic   Conj/Tloc      23%        2d6       21%         4

Your spell library contained the following spells:

 Spells                   Type           Power      Damage    Failure   Level
 Fulminant Prism          Conj/Hex       12%        3d9       19%         4


Dungeon Overview and Level Annotations

Branches:
Dungeon (4/15)
 Temple: D:4-7

Altars:
Nemelex Xobeh


Message History

The orc priest mumbles some strange prayers to Beogh against you.
Beogh smites you!
There is an open door here.
Casting: Magic Dart (safe; 1% risk of failure)
Confirm with . or Enter, or press ? or * to list all spells.
Okay, then.
As you read the scroll labelled HUONUS LEN, it crumbles to dust.
You feel strangely unstable.
It was a scroll of teleportation.
The orc hits you but does no damage.
Found a scroll labelled DYDAFI PECVO.
Your surroundings suddenly seem different.
An ogre and a skeleton come into view.
The ogre shouts!
Found 22 bolts.
Casting: Magic Dart (safe; 1% risk of failure)
Confirm with . or Enter, or press ? or * to list all spells.
Okay, then.
Casting: Magic Dart (safe; 1% risk of failure)
Confirm with . or Enter, or press ? or * to list all spells.
Aiming: Searing Ray (safe; 1% risk of failure)
Press: ? - help, Shift-Dir - straight line, f - ogre
Aim: an ogre, wielding a +0 giant club (91% to hit)
The searing ray hits the ogre!
The ogre is moderately wounded. (Press . to maintain the ray.) Unknown command.
Casting: Searing Ray (safe; 1% risk of failure)
Confirm with . or Enter, or press ? or * to list all spells.
Restarting spell: Searing Ray (safe; 1% risk of failure)
Press: ? - help, Shift-Dir - straight line, f/p - ogre
Aim: an ogre, wielding a +0 giant club (moderately wounded, 91% to hit)
The searing ray hits the ogre!
The ogre is heavily wounded. (Press . to maintain the ray.) Unknown command.
The searing ray hits the ogre.
The ogre is severely wounded.
The ogre hits you with a +0 giant club!!
Ouch! That really hurt!
You die...

#.......# ...# ...
#.......#....# ..
.......#....# #.
#..z..##...#
##.####...z.##...#
#....#.......#...#
#....#.......#...#
#...O#.....ooo...#
+...@#......o#...#
#....#..>..o.#o..#
##...##.....##...#
#...##.....##...#
.....#...........#
......#...........#
........#...........#
....Z...# ..........#
(.......# .....##...#


You could see an ogre and a centaur skeleton (dormant).

Vanquished Creatures
  Sigmund (D:3)
  2 adders (D:2)
  6 orcs (D:3)
  5 ball pythons
  7 endoplasms
  3 giant cockroaches
  6 goblins
  2 hobgoblins
  10 jackals
  4 quokkas
  5 bats
  4 frilled lizards (D:3)
  2 kobolds
  5 rats
62 creatures vanquished.

Notes
Turn   | Place    | Note
-------+----------+-------------------------------------------
     0 | D:1      | Illumine the Deep Elf Conjurer began the quest for the Orb.
     0 | D:1      | Reached XP level 1. HP: 10/10 MP: 6/6
   306 | D:1      | Found a faded altar of an unknown god.
   315 | D:1      | Reached XP level 2. HP: 15/15 MP: 2/8
   429 | D:1      | Learned a level 2 spell: Searing Ray
  1187 | D:2      | Found a sparkling altar of Nemelex Xobeh.
  1209 | D:2      | Reached XP level 3. HP: 19/19 MP: 6/10
  1221 | D:2      | Reached skill level 5 in Conjurations
  2301 | D:2      | Learned a level 3 spell: Dazzling Flash
  2435 | D:3      | Noticed Sigmund
  2828 | D:3      | Reached XP level 4. HP: 24/24 MP: 10/12
  2983 | D:3      | Learned a level 4 spell: Iskenderun's Mystic Blast
  3164 | D:3      | Killed Sigmund
  3165 | D:3      | Reached skill level 1 in Fighting
  3165 | D:3      | Reached skill level 5 in Spellcasting
  3165 | D:3      | Reached skill level 1 in Hexes
  3165 | D:3      | Reached skill level 1 in Translocations
  3165 | D:3      | Reached XP level 5. HP: 6/29 MP: 3/14
  3578 | D:4      | You fall into a shaft and drop 1 floor!
  3578 | D:5      | Entered Level 5 of the Dungeon
  3589 | D:5      | Noticed an ogre
  3593 | D:5      | Slain by an ogre

Illustrated notes

Levels and vault maps discovered:
D:1:      heliophobic_arrival_battle_scene, layout_basic,
          hellmonk_ecumenical_altar_dog_temple, minmay_tree_intersection,
          ebering_dispersal_statue_hall
D:2:      layout_basic, basic_altar
D:3:      layout_basic, uniq_sigmund
D:4:      layout_basic, uniq_grinder
D:5:      layout_gridville, minmay_temple_entry_hall, uniq_prince_ribbit1

Skill      XL: |  1  2  3  4 |
---------------+-------------+-----
Conjurations   | 5 |  5.7
Spellcasting   | 4 5 |  5.3
Dodging        | 3 |  3.5
Fighting       | 1 |  1.1
Hexes          | 1 |  1.6
Translocations | 1 |  1.2
Stealth        | |  2.4

Action                   |  1- 3 |  4- 6 || total
-------------------------+-------+-------++-------
 Cast: Magic Dart        |    91 |    25 ||   116
       Searing Ray       |     1 |     5 ||     6
  Use: Scroll            |       |     1 ||     1
Armor: Robe              |     5 |     1 ||     6
Dodge: Dodged            |    28 |     2 ||    30

Table legend: (Time is in decaauts)
 A = Elapsed time spent in this place.
 B = Non-inter-level travel time spent in this place.
 C = Inter-level travel time spent in this place.
 D = Time resting spent in this place.
 E = Time spent auto-exploring this place.
 F = Levels seen in this place.
 G = Mean time per level.
                   A        B        C        D        E       F      G
               +--------+--------+--------+--------+--------+-----+--------+
         Total |   3590 |   3455 |    135 |    830 |   2257 |   5 |  718.0 |
       Dungeon |   3590 |   3455 |    135 |    830 |   2257 |   5 |  718.0 |
               +--------+--------+--------+--------+--------+-----+--------+

Top non-repeatable levels by time:
     D:2: 1333 daAuts
     D:1: 1166 daAuts
     D:3: 1047 daAuts
     D:4: 28 daAuts
     D:5: 14 daAuts
